 Dungeon Crawl Stone Soup version 0.28-a0-413-gde365fb1df (webtiles) character file.

Game seed: 13942326939555305014

35389 robertstho the Thaumaturge (level 13, -1/99 HPs)
             Began as a Gnoll Fire Elementalist on Sept 7, 2021.
             Was an Elder of Sif Muna.
             Engulfed by a cloud of flame (14 damage)
             ... on level 4 of the Lair of Beasts.
             The game lasted 00:43:08 (23555 turns).

robertstho the Thaumaturge (GnFE)                  Turns: 23555, Time: 00:43:09

Health: -1/99      AC: 11    Str:  9    XL:     13   Next: 83%
Magic:  22/27      EV: 23    Int: 26    God:    Sif Muna [****..]
Gold:   822        SH:  0    Dex: 13    Spells: 14/32 levels left

rFire   . . .      SeeInvis .   b - +1 long sword "Ponwam" {flame, rN+ rCorr}
rCold   + . .      Faith    .   (no shield)
rNeg    + . .      Spirit   .   R - +3 leather armour of the Cobbler {rC+ Will- Int+8}
rPois   .          Reflect  +   (no helmet)
rElec   .          Harm     .   n - +0 cloak
rCorr   +          Rampage  .   J - +0 pair of gloves {archery}
Will    .....                   m - +0 pair of boots
Stlth   ++........              B - amulet of reflection
HPRegen 0.26/turn               s - +4 ring of evasion
MPRegen 0.20/turn               y - +4 ring of evasion

@: confused, about to teleport, ambrosia-drunk
A: fangs 1, strong nose, distributed training
a: Renounce Religion, Channel Magic, Forget Spell, Divine Exegesis


You were on level 4 of the Lair of Beasts.
You worshipped Sif Muna.
Sif Muna was greatly pleased with you.
You visited 3 branches of the dungeon, and saw 17 of its levels.

You collected 822 gold pieces.

Inventory:

Hand Weapons
 b - the +1 long sword "Ponwam" (weapon) {flame, rN+ rCorr}
   (You took it off an orc priest on level 10 of the Dungeon)

   It burns those it strikes, dealing additional fire damage.
   Big, fiery blades are also staple armaments of hydra-hunters.
   rN:        It protects you from negative energy.
   rCorr:     It protects you from acid and corrosion.
 h - a +2 dagger of holy wrath
 l - a +1 dagger of venom
 u - a +1 hand axe of flaming
 C - a +2 vampiric hand axe
Missiles
 O - 2 throwing nets
Armour
 m - a +0 pair of boots (worn)
 n - a +0 cloak (worn)
 t - a +0 pair of gloves
 E - a +2 robe of fire resistance
 J - a +0 pair of gloves of archery (worn)
 K - a +0 troll leather armour
 R - the +3 leather armour of the Cobbler (worn) {rC+ Will- Int+8}
   (You found it on level 1 of the Lair of Beasts)

   Int:       It affects your intelligence (+8).
   rC:        It protects you from cold.
   Will:      It decreases your willpower.
Jewellery
 f - a ring of resist corrosion
 s - a +4 ring of evasion (left hand)
 y - a +4 ring of evasion (right hand)
 B - an amulet of reflection (around neck)
 D - a ring of positive energy
 I - a ring of ice
 L - a ring of positive energy
 M - a ring of willpower
 T - a ring of positive energy
Wands
 w - a wand of acid (8)
 x - a wand of flame (34)
 S - a wand of polymorph (7)
Scrolls
 e - 6 scrolls of enchant armour
 g - 4 scrolls of immolation
 k - 4 scrolls of fog
 r - 2 scrolls of amnesia
 v - a scroll of holy word
 F - 3 scrolls of magic mapping
 G - a scroll of enchant weapon
Potions
 a - a potion of haste
 c - 2 potions of degeneration
 d - 4 potions of brilliance
 i - 4 potions of lignification
 j - 2 potions of ambrosia
 o - 4 potions of magic {unknown}
 p - 2 potions of berserk rage {unknown}
 q - a potion of flight
 z - 2 potions of cancellation {unknown}
 A - 6 potions of heal wounds {unknown}
 H - 2 potions of mutation {unknown}
 P - 3 potions of resistance {unknown}
 U - a potion of might {unknown}


   Skills:
 + Level 8.6 Fighting
 + Level 8.6 Short Blades
 + Level 8.6 Long Blades
 + Level 8.6 Axes
 + Level 8.6 Maces & Flails
 + Level 8.6 Polearms
 + Level 8.6 Staves
 + Level 8.6 Slings
 + Level 8.6 Bows
 + Level 8.6 Crossbows
 + Level 8.6 Throwing
 + Level 8.6 Armour
 + Level 9.8 Dodging
 + Level 9.6 Stealth
 + Level 8.6 Shields
 + Level 8.6 Unarmed Combat
 + Level 10.0 Spellcasting
 + Level 7.5 Conjurations
 + Level 7.2 Hexes
 + Level 7.2 Summonings
 + Level 7.2 Necromancy
 + Level 7.2 Translocations
 + Level 7.2 Transmutations
 + Level 9.1 Fire Magic
 + Level 7.2 Ice Magic
 + Level 7.2 Air Magic
 + Level 7.2 Earth Magic
 + Level 7.2 Poison Magic
 + Level 9.4 Invocations
 + Level 8.6 Evocations


You had 14 spell levels left.
You knew the following spells:

 Your Spells              Type           Power      Damage    Failure   Level
a - Foxfire               Conj/Fire      100%       2x1d9     1%          1
b - Scorch                Fire           100%       2d10      1%          2
c - Conjure Flame         Conj/Fire      54%        6-21      1%          3
d - Flame Wave            Conj/Fire      54%        3d10      1%          4
e - Magic Dart            Conj           100%       1d8       1%          1
f - Call Imp              Summ           50%        N/A       1%          2
g - Slow                  Hex            50%        N/A       1%          2
h - Mephitic Cloud        Conj/Pois/Air  50%        N/A       1%          3

Your spell library contained the following spells:

 Spells                   Type           Power      Damage    Failure   Level
 Animate Skeleton         Necr           100%       N/A       1%          1
 Apportation              Tloc           100%       N/A       1%          1
 Summon Small Mammal      Summ           100%       N/A       1%          1
 Confusing Touch          Hex            50%        N/A       1%          3
 Dazzling Flash           Conj/Hex       100%       N/A       1%          3
 Gell's Gravitas          Tloc           25%        N/A       1%          3
 Inner Flame              Hex/Fire       53%        N/A       1%          3
 Lesser Beckoning         Tloc           50%        N/A       1%          3
 Teleport Other           Tloc           50%        N/A       1%          3
 Vampiric Draining        Necr           25%        2d9       1%          3
 Agony                    Necr           50%        N/A       9%          5
 Blade Hands              Tmut           25%        N/A       9%          5
 Irradiate                Conj/Tmut      25%        3d22      9%          5
 Silence                  Hex/Air        25%        N/A       9%          5
 Dispersal                Tloc           25%        N/A       43%         6
 Dragon Form              Tmut           25%        N/A       95%         7


Dungeon Overview and Level Annotations

Branches:
Dungeon (12/15)            Temple (1/1) D:7            Lair (4/6) D:11
  Swamp (0/4) Lair:3        Snake (0/4) Lair:2          Orc (0/2) D:10

Altars:
Ashenzari
Cheibriados
Dithmenos
Elyvilon
Fedhas
Gozag
Hepliaklqana
Kikubaaqudgha
Makhleb
Nemelex Xobeh
Okawaru
Qazlal
Ru
Sif Muna
Trog
Uskayaw
Vehumet
Wu Jian
Xom
Yredelemnul
Zin
The Shining One

Shops:
D:4 [   D:8 *

Annotations:
Lair:2 2 transporters


Innate Abilities, Weirdness & Mutations

You have very sharp teeth.
Your uncanny sense of smell can sniff out nearby items.
Your experience applies equally to all skills.


Message History

The flame wave engulfs the boggart!
You kill the boggart!
Sif Muna accepts your kill.
The bullfrog dissolves into shadows!
The flame wave engulfs something!!
You finish channelling waves of flame.
You are engulfed in blazing flames.
You hear an angry growl.
The forest fire spreads!
Unknown command.
Really walk into that cloud of spreading flames?
Okay, then.
Okay, then.
Okay, then.
As you read the scroll of identify, it crumbles to dust.
j - 3 potions of ambrosia You are engulfed in blazing flames.
The wolf is engulfed in blazing flames.
The wolf is engulfed in a forest fire.
The forest fire spreads! x2
You are engulfed in blazing flames.
The wolf is engulfed in blazing flames.
You kill the wolf!
The wolf's corpse dissolves into shadows!
Sif Muna accepts your kill.
You feel a bit more experienced.
Unknown command.
You are engulfed in blazing flames.
You hear some strange, mumbled words.
The forest fire spreads! x3
Unknown command.
As you read the scroll of teleportation, it crumbles to dust.
You feel strangely unstable.
You are engulfed in blazing flames.
* * * LOW HITPOINT WARNING * * *
Sif Muna accepts your kill.
The dream sheep dissolves into shadows! x6; You feel a bit more experienced.
The forest fire spreads! x3
Unknown command.
You feel better.
You are engulfed in blazing flames.
* * * LOW HITPOINT WARNING * * *
The forest fire spreads! x4
Unknown command.
You are confused.
You feel invigorated.
You are engulfed in blazing flames.
You die...

#P## ...######
[.....P.## .........###
♣#####
...........♣♣♣♣§§#§##
.........P..♣§§§§.#§♣
..........P.♣§§§§§§§♣
..........#.§§§§§§§§♣
.........##♣§§§§@§§§♣
........##
♣§§§§§§§§...♣
.....P.#.#
#♣§§§§§§§♣♣♣♣
.......... .§§§§§§§§§♣
..###...##..♣♣§§§§♣§§§♣
..# #.#... ♣♣♣.♣♣§♣♣♣
### #. . ♣♣. ♣ .


There were no monsters in sight!

Vanquished Creatures
  4 hydras
  5 two-headed ogres
  6 death yaks (Lair:4)
  An orc knight (D:10)
  An ugly thing (D:12)
  2 cyclopes (D:11)
  2 black mambas
  A guardian serpent (Lair:2)
  A gargoyle (D:11)
  A torpor snail (Lair:4)
  4 cane toads
  2 rime drakes (Lair:4)
  5 komodo dragons
  3 kobold demonologists
  4 trolls
  2 polar bears
  A dream sheep (D:9)
  2 shadows
  3 basilisks
  5 wyverns
  17 yaks
  8 wargs (D:10)
  2 steam dragons
  An acid dragon (D:12)
  12 water moccasins
  A hell hound (D:10)
  8 orc warriors
  5 black bears
  6 ice beasts
  A sky beast (D:7)
  2 necrophages
  38 wolves
  4 boggarts (Lair:4)
  4 centaurs
  2 ogres
  A phantom (D:5)
  3 kobold brigands (D:10)
  10 gnoll sergeants
  2 scorpions
  14 bullfrogs
  A wyvern zombie (D:7)
  A water moccasin skeleton (D:7)
  10 killer bees
  19 wights
  6 howler monkeys
  8 electric eels
  A bullfrog zombie (D:3)
  A centaur zombie (D:7)
  A bullfrog skeleton (D:5)
  A centaur skeleton (D:6)
  6 gnoll shamans
  3 hounds
  7 orc priests
  Crazy Yiuf (D:2)
  Jessica (D:2)
  15 orc wizards
  A scorpion zombie (D:5)
  6 iguanas
  A howler monkey zombie (D:7)
  5 adders
  8 gnolls
  3 white imps
  An adder skeleton (D:2)
  4 worms
  A dart slug (D:1)
  25 orcs
  7 endoplasms
  7 giant cockroaches
  7 goblins
  3 hobgoblins
  8 jackals
  4 quokkas
  8 ball pythons
  4 bats
  2 frilled lizards (D:2)
  9 kobolds
  7 rats
399 creatures vanquished.

Vanquished Creatures (collateral kills)
  5 foxfires
5 creatures vanquished.

Vanquished Creatures (others)
  4 dream sheep (D:9)
  2 bushes (Lair:4)
  862 foxfires
  15 fungi
  25 plants
908 creatures vanquished.

Grand Total: 1312 creatures vanquished

Notes
Turn   | Place    | Note
-------+----------+-------------------------------------------
     0 | D:1      | robertstho the Gnoll Fire Elementalist began the quest for
                  | the Orb.
     0 | D:1      | Reached XP level 1. HP: 13/13 MP: 6/6
   318 | D:1      | Reached XP level 2. HP: 19/19 MP: 2/7
   374 | D:1      | Found a faded altar of an unknown god.
  1386 | D:1      | Reached XP level 3. HP: 25/25 MP: 5/9
  1395 | D:1      | Reached skill level 5 in Spellcasting
  1695 | D:2      | Reached skill level 1 in Invocations
  1862 | D:2      | Reached skill level 1 in Fighting
  1862 | D:2      | Reached skill level 1 in Short Blades
  1862 | D:2      | Reached skill level 1 in Long Blades
  1862 | D:2      | Reached skill level 1 in Axes
  1862 | D:2      | Reached skill level 1 in Maces & Flails
  1862 | D:2      | Reached skill level 1 in Polearms
  1862 | D:2      | Reached skill level 1 in Staves
  1862 | D:2      | Reached skill level 1 in Slings
  1862 | D:2      | Reached skill level 1 in Bows
  1862 | D:2      | Reached skill level 1 in Crossbows
  1862 | D:2      | Reached skill level 1 in Throwing
  1862 | D:2      | Reached skill level 1 in Armour
  1862 | D:2      | Reached skill level 1 in Shields
  1862 | D:2      | Reached skill level 1 in Unarmed Combat
  1862 | D:2      | Reached skill level 1 in Evocations
  2062 | D:2      | Reached XP level 4. HP: 32/32 MP: 6/11
  2766 | D:2      | Noticed Jessica
  2781 | D:2      | Reached skill level 1 in Hexes
  2781 | D:2      | Reached skill level 1 in Summonings
  2781 | D:2      | Reached skill level 1 in Necromancy
  2781 | D:2      | Reached skill level 1 in Translocations
  2781 | D:2      | Reached skill level 1 in Transmutations
  2781 | D:2      | Reached skill level 1 in Ice Magic
  2781 | D:2      | Reached skill level 1 in Air Magic
  2781 | D:2      | Reached skill level 1 in Earth Magic
  2781 | D:2      | Reached skill level 1 in Poison Magic
  2846 | D:2      | Killed Jessica
  2847 | D:2      | Reached XP level 5. HP: 37/37 MP: 1/12
  2957 | D:2      | Found a runed translucent door.
  2958 | D:2      | Noticed Crazy Yiuf
  2998 | D:2      | Learned a level 2 spell: Scorch
  3002 | D:2      | Learned a level 3 spell: Conjure Flame
  3007 | D:2      | Learned a level 4 spell: Flame Wave
  3009 | D:2      | Killed Crazy Yiuf
  3747 | D:3      | Reached XP level 6. HP: 44/44 MP: 14/14
  3986 | D:4      | Found a bloodstained altar of Trog.
  4010 | D:4      | Noticed a necrophage
  4018 | D:4      | Reached skill level 5 in Dodging
  4019 | D:4      | Killed a necrophage
  4020 | D:4      | Reached XP level 7. HP: 31/50 MP: 2/15
  4334 | D:4      | Noticed a +0 dagger
  4334 | D:4      | Noticed a +0 dagger
  4336 | D:4      | Found a hide-covered altar of Uskayaw.
  4353 | D:4      | Found Imoz's Armour Boutique.
  4792 | D:5      | Entered Level 5 of the Dungeon
  5353 | D:5      | Found an ancient bone altar of Kikubaaqudgha.
  5359 | D:5      | Reached skill level 5 in Stealth
  5677 | D:6      | Reached XP level 8. HP: 57/57 MP: 5/16
  6071 | D:5      | Reached skill level 6 in Spellcasting
  7158 | D:7      | Found a glowing golden altar of the Shining One.
  7164 | D:7      | Reached XP level 9. HP: 54/65 MP: 0/18
  8067 | D:7      | Found a staircase to the Ecumenical Temple.
  8108 | Temple   | Entered the Ecumenical Temple
  8755 | D:7      | Reached skill level 5 in Invocations
  8950 | D:8      | Reached skill level 7 in Spellcasting
  9160 | D:8      | Reached XP level 10. HP: 73/73 MP: 14/20
  9164 | D:8      | Found Boj Ofra's Overcharged Wands.
  9539 | D:8      | Reached skill level 5 in Fighting
  9539 | D:8      | Reached skill level 5 in Short Blades
  9539 | D:8      | Reached skill level 5 in Long Blades
  9539 | D:8      | Reached skill level 5 in Axes
  9539 | D:8      | Reached skill level 5 in Maces & Flails
  9539 | D:8      | Reached skill level 5 in Polearms
  9539 | D:8      | Reached skill level 5 in Staves
  9539 | D:8      | Reached skill level 5 in Slings
  9539 | D:8      | Reached skill level 5 in Bows
  9539 | D:8      | Reached skill level 5 in Crossbows
  9539 | D:8      | Reached skill level 5 in Throwing
  9539 | D:8      | Reached skill level 5 in Armour
  9539 | D:8      | Reached skill level 5 in Shields
  9539 | D:8      | Reached skill level 5 in Unarmed Combat
  9539 | D:8      | Reached skill level 5 in Evocations
  9630 | D:8      | Found a shimmering blue altar of Sif Muna.
  9638 | D:8      | Became a worshipper of Sif Muna the Loreminder
 10783 | D:9      | Found a shimmering altar of Xom.
 10895 | D:9      | Found a basalt altar of Yredelemnul.
 10960 | D:9      | Found a white marble altar of Elyvilon.
 11081 | D:9      | Found a glowing silver altar of Zin.
 11231 | D:10     | Entered Level 10 of the Dungeon
 11247 | D:10     | Reached skill level 5 in Conjurations
 11838 | D:10     | Found a staircase to the Orcish Mines.
 12115 | D:10     | Reached * piety under Sif Muna
 12257 | D:10     | Noticed a two-headed ogre
 12268 | D:10     | Killed a two-headed ogre
 12630 | D:10     | Reached XP level 11. HP: 81/81 MP: 10/22
 13054 | D:10     | Reached skill level 5 in Hexes
 13054 | D:10     | Reached skill level 5 in Summonings
 13054 | D:10     | Reached skill level 5 in Necromancy
 13054 | D:10     | Reached skill level 5 in Translocations
 13054 | D:10     | Reached skill level 5 in Transmutations
 13054 | D:10     | Reached skill level 5 in Ice Magic
 13054 | D:10     | Reached skill level 5 in Air Magic
 13054 | D:10     | Reached skill level 5 in Earth Magic
 13054 | D:10     | Reached skill level 5 in Poison Magic
 13116 | D:10     | Reached skill level 8 in Spellcasting
 13184 | D:10     | Noticed a soul eater
 13802 | D:10     | Noticed a two-headed ogre
 13813 | D:10     | Killed a two-headed ogre
 14203 | D:10     | Learned a level 1 spell: Magic Dart
 14206 | D:10     | Learned a level 2 spell: Call Imp
 14209 | D:10     | Learned a level 2 spell: Slow
 14213 | D:10     | Learned a level 3 spell: Mephitic Cloud
 14389 | D:10     | Identified the +1 long sword "Ponwam" {flame, rN+ rCorr}
 14435 | D:10     | Noticed a two-headed ogre
 15095 | D:10     | Reached ** piety under Sif Muna
 15570 | D:10     | Killed a two-headed ogre
 15814 | D:10     | Noticed a two-headed ogre
 15818 | D:10     | Noticed an orc knight
 15820 | D:10     | Killed a two-headed ogre
 15821 | D:10     | Reached XP level 12. HP: 89/89 MP: 15/24
 16856 | D:11     | Noticed a two-headed ogre
 16869 | D:11     | Killed a two-headed ogre
 17465 | D:11     | Found a staircase to the Lair.
 17646 | D:11     | Reached skill level 9 in Spellcasting
 18016 | D:11     | Noticed a fire dragon
 18517 | D:12     | Noticed a boulder beetle
 18577 | Lair:1   | Entered Level 1 of the Lair of Beasts
 18875 | Lair:1   | Reached *** piety under Sif Muna
 19290 | Lair:1   | Identified the +3 leather armour of the Cobbler {rC+ Will-
                  | Int+8}
 19553 | Lair:2   | Reached XP level 13. HP: 78/98 MP: 11/26
 19997 | Lair:2   | Found a staircase to the Snake Pit.
 20307 | Lair:2   | Found a transporter.
 20328 | Lair:2   | Found a transporter.
 20711 | Lair:3   | Reached **** piety under Sif Muna
 21486 | Lair:3   | Found a staircase to the Swamp.
 23438 | Lair:4   | Reached skill level 10 in Spellcasting
 23555 | Lair:4   | Engulfed by a cloud of flame

Illustrated notes

Levels and vault maps discovered:
D:1:      dpeg_arrival_pits, layout_basic, shapermc_ecumenical_altar_gd
D:2:      layout_basic, minmay_stone_trees_small, minmay_pentomino_pile,
          uniq_jessica, uniq_crazy_yiuf_cottage
D:3:      layout_basic, minivault_19
D:4:      layout_cave_pods, mainiacjoe_overflow_boulevard,
          dancing_weapons_uskayaw, serial_shops, shop
D:5:      layout_basic, nicolae_overflow_crystal_walls
D:6:      layout_basic, st_stairs_11
D:7:      layout_rooms, lemuel_round_altar, minmay_temple_entry_antechambers,
          serial_rivers, chequers_serial_rivers_marsh,
          chequers_serial_rivers_small_a, chequers_serial_rivers_small_b,
          chequers_serial_rivers_micro_b, chequers_serial_rivers_micro_a,
          chequers_serial_rivers_micro_a
D:8:      layout_rooms, led_sif_pool, nicolae_shop_overcharged_wands
D:9:      layout_basic, kb_xom_exploding_sheep, kennysheep_ying_yang,
          mainiacjoe_overflow_alcove_2, nrook_loot_triangle
D:10:     lemuel_castle_with_subvaults [lemuel_castle_interior_carwin_1],
          layout_irregular_city, erik_orc_2, nicolae_sextant
D:11:     dragon1_lemuel, layout_basic, minmay_lair_entry_grove,
          kennysheep_small_circle
D:12:     layout_roguey, serial_shops, nicolae_shop_statue_plus, enter_trove_2,
          nrook_uturn
Temple:   dshaligram_water_room_temple
Lair:1:   layout_gridlike, infiniplex_staircase_pool_2
Lair:2:   gammafunk_worm_tunnel, layout_regular_city,
          minmay_snake_entry_spellcaster, grunt_forest_large_clearings
Lair:3:   layout_gridlike, minmay_swamp_entry_reptiles, uniq_rupert
Lair:4:   layout_cave_pods, kilobyte_rumbling_trees, lemuel_fruit_tree,
          uniq_nergalle

Skill      XL: |  1  2  3  4  5  6  7  8  9 10 11 12 13 |
---------------+----------------------------------------+-----
Conjurations   | 2 3 4 5 6 7 |  7.5
Spellcasting   | 5 6 7 8 9 10 | 10.0
Invocations    | 1 2 3 4 5 6 7 8 9 |  9.4
Fighting       | 1 2 3 4 5 6 7 8 |  8.6
Short Blades   | 1 2 3 4 5 6 7 8 |  8.6
Long Blades    | 1 2 3 4 5 6 7 8 |  8.6
Axes           | 1 2 3 4 5 6 7 8 |  8.6
Maces & Flails | 1 2 3 4 5 6 7 8 |  8.6
Polearms       | 1 2 3 4 5 6 7 8 |  8.6
Staves         | 1 2 3 4 5 6 7 8 |  8.6
Slings         | 1 2 3 4 5 6 7 8 |  8.6
Bows           | 1 2 3 4 5 6 7 8 |  8.6
Crossbows      | 1 2 3 4 5 6 7 8 |  8.6
Throwing       | 1 2 3 4 5 6 7 8 |  8.6
Armour         | 1 2 3 4 5 6 7 8 |  8.6
Shields        | 1 2 3 4 5 6 7 8 |  8.6
Unarmed Combat | 1 2 3 4 5 6 7 8 |  8.6
Evocations     | 1 2 3 4 5 6 7 8 |  8.6
Hexes          | 1 2 3 4 5 6 7 |  7.2
Summonings     | 1 2 3 4 5 6 7 |  7.2
Necromancy     | 1 2 3 4 5 6 7 |  7.2
Translocations | 1 2 3 4 5 6 7 |  7.2
Transmutations | 1 2 3 4 5 6 7 |  7.2
Ice Magic      | 1 2 3 4 5 6 7 |  7.2
Air Magic      | 1 2 3 4 5 6 7 |  7.2
Earth Magic    | 1 2 3 4 5 6 7 |  7.2
Poison Magic   | 1 2 3 4 5 6 7 |  7.2
Dodging        | 5 6 7 8 9 |  9.8
Stealth        | 5 6 7 8 9 |  9.6
Fire Magic     | 6 7 8 9 |  9.1

Action                   |  1- 3 |  4- 6 |  7- 9 | 10-12 | 13-15 || total
-------------------------+-------+-------+-------+-------+-------++-------
Melee: Dagger            |       |     3 |     1 |       |       ||     4
       Punch             |       |     1 |       |       |     1 ||     2
       Hand axe          |       |       |    17 |    28 |       ||    45
       Bite              |       |       |       |     2 |     2 ||     4
       Long sword        |       |       |       |     9 |    24 ||    33
 Cast: Foxfire           |   105 |    78 |    24 |   204 |    95 ||   506
       Scorch            |       |    25 |   139 |    54 |    13 ||   231
       Flame Wave        |       |       |     6 |   107 |    34 ||   147
       Magic Dart        |       |       |       |     9 |       ||     9
       Call Imp          |       |       |       |     8 |       ||     8
Invok: Channel Magic     |       |       |       |     3 |     3 ||     6
  Use: Scroll            |       |     2 |     8 |     8 |     5 ||    23
       Potion            |       |       |     3 |       |     3 ||     6
 Stab: Sleeping          |       |     1 |       |       |     3 ||     4
       Distracted        |       |       |       |       |     1 ||     1
Armor: Robe              |     1 |     2 |    25 |    30 |       ||    58
       Troll leather arm |       |       |       |     9 |       ||     9
       Leather armour    |       |       |       |     4 |    26 ||    30
Dodge: Dodged            |     9 |    11 |   172 |   320 |   138 ||   650
Block: Other             |       |       |       |    71 |    27 ||    98
       Reflection        |       |       |       |     4 |       ||     4

Table legend: (Time is in decaauts)
 A = Elapsed time spent in this place.
 B = Non-inter-level travel time spent in this place.
 C = Inter-level travel time spent in this place.
 D = Time resting spent in this place.
 E = Time spent auto-exploring this place.
 F = Levels seen in this place.
 G = Mean time per level.
                   A        B        C        D        E       F      G
               +--------+--------+--------+--------+--------+-----+--------+
         Total |  23681 |  23129 |    552 |   5171 |  14781 |  17 | 1393.0 |
       Dungeon |  18543 |  18120 |    423 |   4753 |  10766 |  12 | 1545.2 |
        Temple |    132 |    109 |     23 |      0 |    100 |   1 |  132.0 |
          Lair |   5005 |   4901 |    104 |    418 |   3915 |   4 | 1251.2 |
               +--------+--------+--------+--------+--------+-----+--------+

Top non-repeatable levels by time:
    D:10: 4293 daAuts
     D:9: 2633 daAuts
     D:7: 1708 daAuts
     D:1: 1598 daAuts
     D:6: 1513 daAuts
     D:2: 1462 daAuts
  Lair:4: 1410 daAuts
  Lair:3: 1361 daAuts
  Lair:2: 1281 daAuts
    D:11: 1240 daAuts
     D:5: 1108 daAuts
  Lair:1: 951 daAuts
     D:3: 886 daAuts
     D:4: 841 daAuts
     D:8: 777 daAuts
